AoeStats
← donsimon93

MegaRandom

509551495Analyzed
2v2 RM · 6d ago on Sep 27, 2026· 70m 9s· 4 players
Game mode
Random Map
Map size
Medium (4 player)
Population
200
Speed
Normal
Resources
Standard
Victory
Conquest
Starting age
Dark Age
Ending age
Imperial Age
RankedLock teamsTeams togetherTeam positionsShared explorationLock speedFull tech treeHidden civsTurbo modeCheats
Victory
Defeat
🇺🇸 Dravidians · United States
1138
+14
🇺🇸 Huns · United States
1033
+19
🇲🇽 Saxons · Mexico
1116
-17
🇦🇹 Britons · Austria
1082
-16
King Dario II
1:47 Loom
8:50 Feudal Age
10:44 Man-at-Arms
11:39 Arson
19:25 Bloodlines
19:52 Forging
20:28 Scale Barding Armor
23:07 Horse Collar
30:14 Double-Bit Axe
32:57 Castle Age
31:54 Gold Mining
31:57 Stone Mining
34:14 Iron Casting
33:01 Light Cavalry
34:11 Chain Barding Armor
34:04 Bow Saw
33:58 Heavy Plow
35:38 Town Watch
43:20 Fletching
43:30 Padded Archer Armor
47:01 Scale Mail Armor
48:55 Wheelbarrow
50:11 Hand Cart
53:26 Imperial Age
51:29 Clerical Recruitment
53:41 Gold Shaft Mining
53:06 Bodkin Arrow
53:26 Leather Archer Armor
53:32 Redemption
53:23 Devotion
53:58 Ballistics
53:14 Elite Skirmisher
54:03 Atonement
55:10 Chemistry
54:13 Bracer
54:22 Thumb Ring
54:32 Town Patrol
54:09 Elite Hearth Troop
56:26 Ring Archer Armor
56:30 Conscription
56:48 Hussar
58:07 Crop Rotation
58:21 Husbandry
59:42 Two-Man Saw
60:07 Block Printing
60:22 Sanctity
64:42 Cavalier
65:55 Onager
donsimon93
4:47 Loom
10:26 Feudal Age
11:05 Double-Bit Axe
11:46 Horse Collar
12:05 Town Watch
18:10 Castle Age
16:35 Gold Mining
17:07 Forging
16:58 Scale Mail Armor
17:21 Stone Mining
17:52 Padded Archer Armor
17:51 Fletching
19:32 Wheelbarrow
19:17 Crossbowman
20:05 Squires
28:56 Pikeman
31:10 Bow Saw
32:05 Ballistics
32:53 Gold Shaft Mining
35:16 Imperial Age
34:04 Iron Casting
33:45 Leather Archer Armor
34:38 Hand Cart
35:31 Bodkin Arrow
35:52 Chain Mail Armor
37:10 Ring Archer Armor
36:41 Bracer
37:44 Chemistry
36:09 Halberdier
37:16 Conscription
39:08 Elite Longbowman
41:41 Two-Man Saw
41:45 Blast Furnace
41:16 Plate Mail Armor
42:22 Yeomen
61:01 Onager
66:41 Elite Skirmisher
layuyimartine
7:18 Loom
9:19 Feudal Age
13:35 Castle Age
11:49 Double-Bit Axe
27:31 Bow Saw
29:07 Horse Collar
29:31 Gold Mining
35:53 Husbandry
38:26 Heavy Plow
38:38 Medical Corps
38:29 Fletching
38:40 Padded Archer Armor
38:54 Town Watch
39:39 Bodkin Arrow
41:40 Wheelbarrow
41:32 Leather Archer Armor
41:27 Thumb Ring
45:05 Imperial Age
43:42 Hand Cart
46:16 Elite Elephant Archer
48:06 Chemistry
47:08 Bracer
48:59 Ring Archer Armor
48:51 Ballistics
48:30 Siege Elephant
50:15 Conscription
53:59 Coinage
53:40 Guilds
54:04 Scale Barding Armor
54:09 Light Cavalry
56:12 Banking
60:51 Forging
61:02 Chain Barding Armor
62:58 Elite Skirmisher
63:40 Scale Mail Armor
64:15 Iron Casting
64:16 Pikeman
65:00 Squires
78!SATTACk08
6:37 Loom
10:05 Feudal Age
10:57 Double-Bit Axe
16:09 Castle Age
17:12 Bow Saw
18:42 Fletching
24:21 Bodkin Arrow
25:32 Padded Archer Armor
35:01 Leather Archer Armor
35:24 Thumb Ring
45:06 Imperial Age
47:33 Bracer
48:04 Ballistics
49:19 Gold Mining
53:41 Elite Skirmisher
57:03 Wheelbarrow
58:55 Chemistry
61:37 Hand Cart
70:20 Coinage
Connection lost

Rejoining the realm…

Still unreachable

The connection could not be restored.

Session expired

The server has moved on; the page needs a fresh start.